 Dungeon Crawl Stone Soup version 0.25-a0-992-gca090100c3 (webtiles) character file.

Game seed: 881661601661731984, levelgen mode: deterministic

271044 Flugslaktarn the Tortoise (level 19, -18/187 HPs)
             Began as a Minotaur Fighter on May 10, 2020.
             Was an Initiate of Gozag.
             Killed from afar by an ancient lich (27 damage)
             ... with a bolt of fire
             ... on level 5 of the Vaults.
             The game lasted 00:19:04 (31638 turns).

Flugslaktarn the Tortoise (Minotaur Fighter)       Turns: 31638, Time: 00:19:05

Health: -18/187    AC: 34    Str: 22    XL:     19   Next: 44%
Magic:  0/18       EV: 15    Int:  5    God:    Gozag
Gold:   5467       SH: 13    Dex: 17    Spells: 18/18 levels left

rFire    + . .     SeeInvis .   Q - +7 broad axe (vamp)
rCold    + . .     Gourm    .   c - +0 kite shield
rNeg     . . .     Faith    .   A - +3 chain mail {rC+}
rPois    .         Spirit   +   M - +2 hat {MR+}
rElec    .         Reflect  .   u - +0 cloak
rCorr    .         Harm     .   p - +2 pair of gloves
MR       ++...                  G - +2 pair of boots
Stlth    ..........             C - amulet of guardian spirit
HPRegen  0.41/turn              v - +2 ring of protection
MPRegen  0.16/turn              f - ring of protection from fire

@: gold aura, slowed, very heavily drained, very slow
A: retaliatory headbutt, horns 2, icy blue scales 1, slimy green scales 1,
mutation resistance 1
}: 2/15 runes: decaying, serpentine
a: Potion Petition, Call Merchant, Bribe Branch, Renounce Religion


You were on level 5 of the Vaults.
You worshipped Gozag.
Gozag was greatly pleased with you.
You were hungry.

You visited 6 branches of the dungeon, and saw 31 of its levels.
You also visited: Ossuary.

You collected 10259 gold pieces.
You spent 774 gold pieces at shops.
You paid 4018 gold pieces to Gozag.

Inventory:

Hand Weapons
 Q - a +7 vampiric broad axe (weapon)
   (You took it off a vault guard on level 13 of the Dungeon)
Armour
 c - a +0 kite shield (worn)
 p - a +2 pair of gloves (worn)
   (You found it on level 7 of the Dungeon)
 u - a +0 cloak (worn)
   (You took it off Crazy Yiuf on level 5 of the Dungeon)
 A - a +3 chain mail of cold resistance (worn)
   (You found it on level 1 of the Lair of Beasts)
 F - a +0 plate armour
   (You found it on level 9 of the Dungeon)
 G - a +2 pair of boots (worn)
   (You found it on level 9 of the Dungeon)
 M - a +2 hat of magic resistance (worn)
   (You took it off Gastronok on level 2 of the Lair of Beasts)
Jewellery
 f - a ring of protection from fire (right hand)
   (You found it on level 1 of the Lair of Beasts)
 i - an uncursed ring of see invisible
   (You found it on level 12 of the Dungeon)
 k - an uncursed ring of resist corrosion
   (You found it on level 9 of the Dungeon)
 m - an uncursed ring of protection from magic
   (You took it off a spriggan rider on level 3 of the Swamp)
 o - an uncursed ring of poison resistance
   (You found it on level 10 of the Dungeon)
 v - a +2 ring of protection (left hand)
   (You found it on level 8 of the Dungeon)
 z - an uncursed ring of flight
   (You took it off an ironheart preserver on level 5 of the Vaults)
 C - an amulet of guardian spirit (around neck)
   (You found it in an ossuary)
Wands
 j - a wand of enslavement (9)
   (You found it on level 4 of the Swamp)
 D - a wand of acid (24)
   (You found it on level 10 of the Dungeon)
 R - a wand of clouds (5)
   (You found it on level 4 of the Snake Pit)
Scrolls
 r - 3 scrolls of identify
 s - 9 scrolls of immolation
 t - 5 scrolls of teleportation
 x - 8 scrolls of remove curse
 y - 2 scrolls of enchant weapon
 E - 8 scrolls of fog
 I - 5 scrolls of fear
 J - a scroll of enchant armour
 K - a scroll of holy word
 L - 3 scrolls of magic mapping
 N - 2 scrolls of silence
 O - a scroll of summoning
Potions
 a - 2 potions of lignification
 b - a potion of magic
 d - 2 potions of might
 g - 4 potions of flight
 h - 3 potions of haste
 l - 3 potions of mutation
 n - 4 potions of resistance
 q - 3 potions of curing
 w - 4 potions of heal wounds
 B - 3 potions of invisibility
Miscellaneous
 H - a phial of floods
   (You found it on level 9 of the Dungeon)
Comestibles
 e - 14 rations


   Skills:
 + Level 20.6(16.1) Fighting
 - Level 18.2(14.0) Axes
 + Level 20.6(16.2) Armour
 + Level 15.7(11.7) Dodging
 - Level 15.0(11.0) Shields


You had 18 spell levels left.
You didn't know any spells.
Your spell library was empty.

Dungeon Overview and Level Annotations

Branches:
Dungeon (15/15)            Temple (1/1) D:7            Lair (2/6) D:10
  Swamp (4/4) Lair:2        Snake (4/4) Lair:2          Orc (0/2) D:10
 Vaults (5/5) D:13         Depths (0/5) D:15        Ossuary (visited)
  Crypt: Vaults:2-3

Altars:
Ashenzari
Cheibriados
Dithmenos
Elyvilon
Fedhas
Gozag
Hepliaklqana
Kikubaaqudgha
Makhleb
Nemelex Xobeh
Okawaru
Qazlal
Ru
Sif Muna
Trog
Uskayaw
Vehumet
Wu Jian
Xom
Yredelemnul
Zin
The Shining One

Shops:
D:6 %   D:10 [   D:11 *   D:15 ?*(   Vaults:3 [

Annotations:
D:10 1 runed translucent door, tilp's ghost, journeyman KoAM
D:13 3 runed translucent doors, Zedghesyr's ghost, journeyman DrCj
Vaults:3 3 runed translucent doors


Innate Abilities, Weirdness & Mutations

You reflexively headbutt those who attack you in melee.
You have a pair of horns on your head.
You are partially covered in icy blue scales. (AC +2)
You are partially covered in slimy green scales. (AC +2)
You are somewhat resistant to further mutation.


Message History

The Tzitzimitl closely misses you.
You hear a shout!
You closely miss something. You barely miss the Tzitzimitl.
The Tzitzimitl misses you. You block the Tzitzimitl's attack.
Your chain mail prevents you from hitting something.
You barely miss the Tzitzimitl. The Tzitzimitl gestures at you.
The bolt of cold hits you!! You resist.
* * * LOW HITPOINT WARNING * * *
Something touches you!
* * * LOW HITPOINT WARNING * * *
The Tzitzimitl becomes distracted by the nearby gold, dreaming of imaginary riches.
The Tzitzimitl roars!
You hit something but do no damage. You hit the Tzitzimitl.
The Tzitzimitl is no longer distracted by gold.
You hear some strange, mumbled words.
A bolt of fire appears from out of thin air!
The bolt of fire hits you!! You resist.
You die...
Your body crumbles into a pile of gold.

..##....#(.######
.. #....#..#
#....#(.#$$
#....#(.######
#....#........
#....#......2.
#..###### #{1#$$
#@.# $ #$$# $
#.... #......
#..##### #..# $
#..# $$ #..#


You could see a Tzitzimitl (summoned).

Vanquished Creatures
  A golden dragon (Vaults:5)
  A tentacled monstrosity (Vaults:5)
  4 titans (Vaults:5)
  A sphinx (Vaults:2)
  Gastronok (Lair:2)
  2 thorn hunters (Swamp:4)
  A tengu reaver (Vaults:5)
  Frances (D:13)
  7 nagarajas
  2 shadow dragons (Vaults:5)
  2 deep elf sorcerers (Vaults:3)
  Aizul (Vaults:2)
  A fire giant (Vaults:3)
  2 frost giants (Vaults:5)
  A war gargoyle (Vaults:5)
  10 ironheart preservers
  A deep elf elementalist (Vaults:5)
  7 vault wardens
  An orc warlord (Vaults:2)
  An entropy weaver (Vaults:2)
  5 stone giants
  A deep elf demonologist (Vaults:5)
  A minotaur (Vaults:3)
  4 deep elf death magi
  2 ettins (Vaults:5)
  A fire dragon (Vaults:2)
  Erolcha (D:13)
  7 yaktaur captains
  4 ice dragons
  18 hydras
  4 shambling mangroves
  33 vault guards
  9 naga warriors
  Erica (D:8)
  37 two-headed ogres
  2 anacondas (Snake:4)
  12 ogre magi
  An alligator (shapeshifter) (Vaults:2)
  A tengu warrior (D:15)
  11 alligators
  4 centaur warriors
  6 shock serpents (Snake:4)
  6 naga sharpshooters
  2 deep elf knights
  8 sea snakes (Snake:4)
  5 salamander mystics
  5 unseen horrors
  A shadow wraith (Vaults:2)
  3 spriggan druids
  5 naga ritualists
  A deep elf archer (Vaults:5)
  3 wizards
  8 swamp dragons (Swamp:4)
  A necromancer (Vaults:5)
  5 harpies (Vaults:3)
  8 ironbrand convokers
  4 phantasmal warriors (Vaults:5)
  2 orc knights
  9 deep elf magi
  5 mana vipers
  6 salamanders
  An orc sorcerer (D:15)
  3 wolf spiders
  14 ugly things
  7 cyclopes
  2 manticores
  A guardian serpent (shapeshifter) (Vaults:2)
  16 black mambas
  8 guardian serpents
  15 naga magi
  3 gargoyles
  A black mamba (shapeshifter) (D:14)
  3 vault sentinels
  An elf zombie (Vaults:5)
  18 yaktaurs
  10 spiny frogs
  2 freezing wraiths (Vaults:3)
  3 komodo dragons
  A harpy zombie (D:14)
  7 trolls
  A jumping spider (Vaults:2)
  9 tyrant leeches
  16 hornets
  15 slime creatures
  Prince Ribbit (D:7)
  4 blink frogs (Lair:2)
  6 hippogriffs
  A hippogriff (shapeshifter) (D:14)
  A snapping turtle (shapeshifter) (Vaults:2)
  7 bog bodies
  2 dream sheep (D:9)
  An ettin skeleton (Vaults:5)
  A redback (Vaults:2)
  4 spriggans (Swamp:3)
  A shadow (Swamp:3)
  7 wyverns
  Sigmund (D:4)
  26 yaks
  A vampire (D:15)
  A yak (shapeshifter) (Vaults:3)
  5 hungry ghosts
  A golden eye (shapeshifter) (Vaults:1)
  2 basilisks
  35 nagas
  A warg (shapeshifter) (Vaults:5)
  11 swamp worms
  11 vampire mosquitoes
  2 acid dragons
  6 insubstantial wisps (Swamp:3)
  3 water moccasins
  2 sky beasts
  A sky beast (shapeshifter) (Vaults:5)
  An eye of draining (D:10)
  10 orc warriors
  10 swamp drakes
  2 ice beasts
  2 phantoms
  A necrophage (D:12)
  33 ogres
  4 wolves (Lair:1)
  7 boggarts (Vaults:2)
  16 centaurs
  2 crocodiles
  6 big kobolds
  12 bullfrogs
  A deep troll simulacrum (Vaults:5)
  11 scorpions
  4 electric eels (Lair:2)
  3 killer bees
  14 wights
  5 howler monkeys
  5 jellies
  6 crimson imps
  A lava snake (D:9)
  A bullfrog zombie (D:6)
  3 centaur zombies
  5 hounds
  Crazy Yiuf (D:5)
  7 orc priests
  4 bullfrog skeletons
  3 centaur skeletons
  2 iguanas
  Ijyb (D:4)
  14 worker ants
  18 orc wizards
  A big kobold zombie (Ossuary)
  A hound zombie (D:6)
  3 mummies (Ossuary)
  2 worker ant zombies
  9 gnolls
  2 scorpion zombies (Ossuary)
  8 adders
  6 shadow imps
  An ooze (D:6)
  A worm (D:2)
  3 adder zombies
  27 orcs
  5 bats
  3 giant cockroaches
  3 goblins
  6 jackals
  13 kobolds
  5 quokkas
  4 frilled lizards
  6 gnoll zombies (Ossuary)
  2 goblin zombies (Ossuary)
  2 kobold zombies (Ossuary)
  3 orc zombies (Ossuary)
  6 rats
  A briar patch (Swamp:4)
  A butterfly (Lair:2)
  A fungus (Lair:1)
942 creatures vanquished.

Vanquished Creatures (others)
  An ancient lich (Vaults:5)
  Asterion (Snake:2)
  A two-headed ogre (Vaults:5)
  A dancing weapon (Vaults:5)
  An alligator (Swamp:4)
  A sky beast (D:6)
  A worm (D:2)
  A goblin zombie (Ossuary)
  2 briar patches (Swamp:4)
  A fungus (D:10)
  3 plants (D:10)
14 creatures vanquished.

Grand Total: 956 creatures vanquished

Notes
Turn   | Place    | Note
-------+----------+-------------------------------------------
     0 | D:1      | Flugslaktarn the Minotaur Fighter began the quest for the
                  | Orb.
     0 | D:1      | Reached XP level 1. HP: 19/19 MP: 0/0
   315 | D:1      | Reached XP level 2. HP: 27/27 MP: 1/1
   483 | D:2      | Reached XP level 3. HP: 28/33 MP: 2/2
   709 | D:2      | Reached XP level 4. HP: 37/40 MP: 3/3
  1055 | D:4      | Noticed Ijyb
  1071 | D:4      | Killed Ijyb
  1071 | D:4      | Reached XP level 5. HP: 22/47 MP: 4/4
  1443 | D:4      | Noticed a phantom
  1479 | D:4      | Killed a phantom
  1479 | D:4      | Reached skill level 5 in Axes
  1671 | D:4      | Reached XP level 6. HP: 53/55 MP: 5/5
  1988 | D:4      | Noticed Sigmund
  2003 | D:4      | Killed Sigmund
  2003 | D:4      | Reached skill level 5 in Fighting
  2003 | D:4      | Reached skill level 5 in Armour
  2003 | D:4      | Reached skill level 5 in Shields
  2249 | D:5      | Entered Level 5 of the Dungeon
  2317 | D:5      | Reached XP level 7. HP: 25/61 MP: 6/6
  2694 | D:5      | Found a runed translucent door.
  2695 | D:5      | Noticed Crazy Yiuf
  3193 | D:5      | Reached XP level 8. HP: 66/70 MP: 7/7
  3396 | D:5      | Killed Crazy Yiuf
  3606 | D:6      | Reached skill level 1 in Dodging
  4385 | D:6      | Found Cusaej's Food Boutique.
  4587 | D:6      | Found a white marble altar of Elyvilon.
  4786 | D:7      | Reached XP level 9. HP: 79/79 MP: 8/8
  4973 | D:7      | Found a staircase to the Ecumenical Temple.
  5066 | D:7      | Noticed Prince Ribbit
  5072 | D:7      | Killed Prince Ribbit
  5072 | D:7      | Reached skill level 10 in Axes
  5106 | Temple   | Entered the Ecumenical Temple
  5356 | Temple   | Became a worshipper of Gozag Ym Sagoz the Greedy
  6398 | D:8      | Noticed Erica
  6421 | D:8      | Killed Erica
  6421 | D:8      | Reached skill level 5 in Dodging
  6619 | D:8      | Found a sand-covered staircase.
  6628 | Ossuary  | Entered an ossuary
  6659 | Ossuary  | Reached XP level 10. HP: 87/90 MP: 9/9
  7057 | D:8      | Gained mutation: You are weak. (Str -2) [potion of
                  | mutation]
  7057 | D:8      | Gained mutation: You expend magic power (3 MP) to
                  | strengthen your wands. [potion of mutation]
  7058 | D:8      | Lost mutation: You are weak. (Str -2) [potion of mutation]
  7058 | D:8      | Lost mutation: You expend magic power (3 MP) to strengthen
                  | your wands. [potion of mutation]
  7058 | D:8      | Gained mutation: Scrolls take you a little longer to read.
                  | [potion of mutation]
  7058 | D:8      | Lost mutation: Scrolls take you a little longer to read.
                  | [potion of mutation]
  7236 | D:8      | Found a sparkling altar of Nemelex Xobeh.
  7801 | D:9      | Gained mutation: You are somewhat resistant to further
                  | mutation. [potion of mutation]
  7801 | D:9      | Gained mutation: You are partially covered in icy blue
                  | scales. (AC +2) [potion of mutation]
  7801 | D:9      | Gained mutation: You are partially covered in slimy green
                  | scales. (AC +2) [potion of mutation]
  8025 | D:9      | Noticed a three-headed hydra
  8030 | D:9      | Killed a one-headed hydra
  8913 | D:10     | Entered Level 10 of the Dungeon
  8934 | D:10     | Killed an unseen horror
  8934 | D:10     | Reached XP level 11. HP: 66/99 MP: 1/10
  8937 | D:10     | Reached skill level 10 in Armour
  8941 | D:10     | Reached skill level 10 in Fighting
  9290 | D:10     | Found Anaela's Armour Boutique.
  9516 | D:10     | Noticed tilp's ghost (journeyman KoAM)
  9518 | D:10     | Found a runed translucent door.
  9518 | D:10     | Noticed a spriggan rider
  9518 | D:10     | Identified the +4 spear "Zuiddiur" {vorpal, MR+ Str+2}
  9569 | D:10     | You fall into a shaft and drop 3 floors!
  9867 | D:13     | Noticed Erolcha
  9871 | D:13     | Killed Erolcha
  9885 | D:13     | Noticed Frances
  9889 | D:13     | Noticed a sixfirhy
  9902 | D:13     | Killed Frances
 10442 | D:12     | Noticed a two-headed ogre
 10448 | D:12     | Killed a two-headed ogre
 10801 | D:10     | Reached XP level 12. HP: 110/110 MP: 11/11
 10820 | D:10     | Noticed a two-headed ogre
 10821 | D:10     | Found a staircase to the Orcish Mines.
 10830 | D:10     | Killed a two-headed ogre
 11067 | D:10     | Found a staircase to the Lair.
 11673 | D:11     | Found Yneiror's Assorted Antiques.
 12693 | D:12     | Reached skill level 15 in Axes
 13264 | D:12     | Noticed an ogre mage
 13264 | D:12     | Noticed a two-headed ogre
 13265 | D:12     | Noticed a two-headed ogre
 13927 | D:12     | Killed an ogre mage
 13932 | D:12     | Killed a two-headed ogre
 13941 | D:12     | Killed a two-headed ogre
 14370 | D:13     | Noticed a vault guard
 14373 | D:13     | Noticed a vault guard
 14380 | D:13     | Noticed a vault guard
 14381 | D:13     | Noticed a vault guard
 14384 | D:13     | Killed a vault guard
 14396 | D:13     | Killed a vault guard
 14397 | D:13     | Noticed a vault guard
 14398 | D:13     | Noticed a vault guard
 14408 | D:13     | Noticed a vault guard
 14412 | D:13     | Killed a vault guard
 14419 | D:13     | Killed a vault guard
 14469 | D:12     | Killed a vault guard
 14469 | D:12     | Reached skill level 10 in Dodging
 14469 | D:12     | Reached XP level 13. HP: 24/118 MP: 4/12
 15075 | D:13     | Found a runed translucent gate.
 15075 | D:13     | Found a runed translucent gate.
 15075 | D:13     | Found a runed translucent gate.
 15081 | D:13     | Noticed Zedghesyr's ghost (journeyman DrCj)
 15094 | D:13     | Found a gate to the Vaults.
 17107 | D:14     | Found a sacrificial altar of Ru.
 17162 | D:15     | Entered Level 15 of the Dungeon
 17178 | D:15     | Paralysed by an ogre mage for 3 turns
 17987 | D:15     | Reached XP level 14. HP: 129/129 MP: 13/13
 19204 | D:15     | Found a staircase to the Depths.
 19615 | D:15     | Bought a scroll of enchant weapon for 105 gold pieces
 19618 | D:15     | Bought a potion of haste for 340 gold pieces
 19622 | D:15     | Bought a scroll of brand weapon for 280 gold pieces
 19622 | D:15     | Bought a scroll of fear for 49 gold pieces
 19770 | Lair:1   | Entered Level 1 of the Lair of Beasts
 20575 | Lair:1   | Found the +9 sword of Zonguldrok {reap}
 20708 | Lair:1   | Found the +8 demon trident "Rift" {distort, reach+}
 21754 | Lair:2   | Found a staircase to the Snake Pit.
 21818 | Lair:2   | Noticed Gastronok
 21837 | Lair:2   | Killed Gastronok
 22114 | Lair:2   | Found a staircase to the Swamp.
 22227 | Swamp:1  | Entered Level 1 of the Swamp
 22234 | Swamp:1  | Paralysed by a hornet for 1 turns
 23021 | Swamp:1  | Reached XP level 15. HP: 139/139 MP: 14/14
 23396 | Swamp:3  | Reached skill level 10 in Shields
 24112 | Swamp:3  | Reached skill level 15 in Armour
 24212 | Swamp:4  | Entered Level 4 of the Swamp
 24260 | Swamp:4  | Reached skill level 15 in Fighting
 24316 | Swamp:4  | Noticed a thorn hunter
 24336 | Swamp:4  | Killed a thorn hunter
 25859 | Swamp:4  | Noticed a thorn hunter
 25884 | Swamp:4  | Killed a thorn hunter
 26027 | Swamp:4  | Got a decaying rune of Zot
 26254 | Snake:1  | Entered Level 1 of the Snake Pit
 26344 | Snake:1  | Reached XP level 16. HP: 150/150 MP: 15/15
 26587 | Snake:2  | Noticed Asterion
 26595 | Snake:2  | Killed Asterion
 27299 | Snake:4  | Entered Level 4 of the Snake Pit
 28172 | Snake:4  | Reached skill level 15 in Shields
 28284 | Snake:4  | Reached XP level 17. HP: 161/161 MP: 11/16
 28366 | Snake:4  | Got a serpentine rune of Zot
 28766 | Vaults:1 | Entered Level 1 of the Vaults
 29709 | Vaults:2 | Noticed Aizul
 29727 | Vaults:2 | Killed Aizul
 30338 | Vaults:3 | Found Seinyoci's Armour Boutique.
 30531 | Vaults:3 | Reached XP level 18. HP: 173/174 MP: 17/17
 30624 | Vaults:3 | Found a shadowy altar of Dithmenos.
 30662 | Vaults:3 | Found a runed translucent gate.
 30662 | Vaults:3 | Found a runed translucent gate.
 30733 | Vaults:3 | Found a runed translucent gate.
 31013 | Vaults:5 | Entered Level 5 of the Vaults
 31039 | Vaults:5 | Noticed a golden dragon
 31048 | Vaults:5 | Noticed a Tzitzimitl
 31052 | Vaults:5 | Noticed an ancient lich
 31066 | Vaults:5 | Noticed a tentacled monstrosity
 31088 | Vaults:5 | Killed a golden dragon
 31131 | Vaults:5 | Noticed a Tzitzimitl
 31134 | Vaults:5 | Noticed a Hell Sentinel
 31136 | Vaults:5 | Killed an ancient lich
 31137 | Vaults:5 | HP: 6/178 [titan/the air (20)]
 31143 | Vaults:5 | HP: 5/178 [poisoned by a tengu reaver]
 31196 | Vaults:5 | Reached skill level 15 in Dodging
 31201 | Vaults:5 | Reached XP level 19. HP: 144/185 MP: 3/18
 31545 | Vaults:5 | Identified the cursed +1 hand crossbow of a treasure trove
                  | {freeze, *Corrode Str+8 Dex+2 Stlth+}
 31601 | Vaults:5 | Noticed an ancient lich
 31616 | Vaults:5 | Noticed a Tzitzimitl
 31637 | Vaults:5 | HP: 9/187 [something (9)]
 31638 | Vaults:5 | Killed from afar by an ancient lich

Illustrated notes

Levels and vault maps discovered:
D:1:      evilmike_arrival_hilbert_curve, layout_basic
D:2:      layout_basic, supply_closet_lemuel, mrwooster_statue_mirror,
          lemuel_another_geyser
D:3:      layout_loops_ring, uniq_terence
D:4:      layout_gridville, first_ration, dk_noncrumbling_3, uniq_ijyb,
          uniq_sigmund
D:5:      layout_basic, uniq_crazy_yiuf_cottage
D:6:      layout_basic, serial_shops, shop, basic_altar
D:7:      layout_cave_pods, minmay_temple_entry_hall, uniq_prince_ribbit1
D:8:      layout_cave_pods, nemelex_xobeh_ov_fountains_minmay, enter_ossuary_3,
          uniq_erica
D:9:      layout_basic, hangedman_ranch [blue_anna_fruit_fields], nrook_uturn,
          kennysheep_small_spiral, hex_medium
D:10:     layout_loops_cross, david_lair_shrubbed, david_orc_3, serial_shops,
          nicolae_shop_window_shopping, ebering_ghost_funeral_grove
D:11:     layout_cave_pools, serial_shops, nicolae_shop_crystal, minivault_5
D:12:     layout_stronghold
D:13:     layout_long_grid, erik_vaults_2, gammafunk_ghost_spectres,
          uniq_frances, uniq_erolcha
D:14:     layout_loops_corners, nicolae_ru_path_of_blood
D:15:     grunt_enter_depths_magical_seal, layout_irregular_city
Temple:   nicolae_temple_the_god_donut
Lair:1:   layout_layer_cave, serial_bayou_pond_a, serial_bayou_shore_b,
          grunt_megastairs_5
Lair:2:   layout_regular_city, nicolae_swamp_entry_splash_gauntlet,
          minmay_snake_entry_guardpost_small, nicolae_quartered_pool_medium,
          serial_bayou_lagoon_b, lemuel_fruit_fields, lemuel_fruit_tree,
          uniq_gastronok
Swamp:1:  layout_basic_swamp, evilmike_swamp_ruin_house_1, swamp_pool2
Swamp:2:  layout_basic_swamp, hangedman_swamp_lotus, swamp_pool1
Swamp:3:  layout_falls_marsh, evilmike_swamp_ruin_house_2
Swamp:4:  swamp_basic_johnstein, layout_basic_swamp, infiniplex_staircase_pool
Snake:1:  layout_gridlike, serial_bayou_shore_b, uniq_nikola, uniq_louise
Snake:2:  layout_honeycomb, grunt_ministairs_1,
          nicolae_snake_serpentine_hallways, uniq_asterion
Snake:3:  layout_rooms, basic_altar, portal_ice_cave_entry_dragon, drop_trap
Snake:4:  grunt_snake_rune_pools, layout_onion_interference, st_stairs_2,
          chequers_hall_statues_y
Vaults:1: nicolae_vaults_diagonal_hallway_9, nicolae_vaults_big_angled_halls,
          hangedman_vaults_impose, ontoclasm_vaults_ring_large,
          nicolae_vaults_three_branches, vaults_mumra_chevron,
          nicolae_vaults_rhombus_5, v_pattern_2, nicolae_vaults_sealed_display,
          vaults_room_pools, vaults_room_grunt_arrival_ludios,
          ontoclasm_vaults_idyll, vaults_dpeg_ring, v_alt_pattern_2,
          nicolae_vaults_specimen_jars, layout_vaults_omnicross, enter_trove_5,
          uniq_donald, uniq_saint_roka
Vaults:2: v_misc_1, nicolae_vaults_little_squares_4, blue_anna_dwarven_crypt,
          vaults_dpeg_doors, vaults_room_grid, nicolae_vaults_circle_grid_b,
          vaults_mumra_minichess, hangedman_vaults_pinch,
          ontoclasm_vaults_ring_small, ontoclasm_vaults_gateway,
          nicolae_vaults_border_crossing, nicolae_vaults_little_squares_2,
          nicolae_vaults_little_squares_5, dpeg_vaults_monster_box,
          layout_vaults_omnigrid, uniq_aizul
Vaults:3: gammafunk_vaults_ghost_fury_of_okawaru, v_alt_pattern_6,
          grunt_vaults_funneled_arena, vaults_mumra_minichess_inversion,
          nicolae_vaults_big_angled_halls, vaults_dpeg_encased_lava, v_misc_4,
          nicolae_vaults_gold_heap, hangedman_vaults_variations,
          hangedman_vaults_river_flow, v_pattern_5, ontoclasm_vaults_shuriken,
          grunt_vaults_diagonal, v_misc_8, nicolae_vaults_angled_halls,
          ontoclasm_vaults_decontamination, layout_vaults_maze, serial_shops,
          shop, basic_altar
Vaults:4: hangedman_vaults_corner, ontoclasm_vaults_ligature,
          nicolae_vaults_big_ls, nicolae_vaults_network_barrier,
          nicolae_vaults_diagonal_hallway_8,
          vaults_standard_mumra_enter_the_diamond, v_misc_33,
          ontoclasm_vaults_idyll, v_misc_31, vaults_mumra_bighexcomb,
          nicolae_vaults_rhombus_5, vaults_dpeg_cross,
          vaults_room_stairs_pillars, layout_vaults_ring
Vaults:5: serial_shops

Skill      XL: |  1  2  3  4  5  6  7  8  9 10 11 12 13 14 15 16 17 18 |
---------------+-------------------------------------------------------+-----
Axes           | 3 4 5 6 7 9 11 12 14 16 17 18 | 18.2
Fighting       | 4 5 6 7 8 9 11 12 13 14 15 17 18 20 | 20.6
Shields        | 4 5 9 13 15 | 15.0
Armour         | 4 5 6 7 8 9 11 12 13 14 15 17 18 20 | 20.6
Dodging        | 3 5 7 8 10 11 13 15 | 15.7

Action                   |  1- 3 |  4- 6 |  7- 9 | 10-12 | 13-15 | 16-18 | 19-21 || total
-------------------------+-------+-------+-------+-------+-------+-------+-------++-------
Melee: War axe           |    66 |    95 |    38 |       |       |       |       ||   199
       Headbutt          |    10 |    20 |    44 |   127 |   284 |   321 |    60 ||   866
       Battleaxe         |       |       |   177 |   579 |   307 |       |       ||  1063
       Unarmed           |       |       |       |    14 |       |       |       ||    14
       Scimitar          |       |       |       |    10 |       |       |       ||    10
       Broad axe         |       |       |       |       |   751 |  1087 |   202 ||  2040
Invok: Potion Petition   |       |       |       |     1 |     1 |     1 |       ||     3
       Call Merchant     |       |       |       |       |     3 |       |       ||     3
Evoke: Wand              |       |       |       |       |     2 |       |       ||     2
       Phial of floods   |       |       |       |       |     1 |       |       ||     1
  Use: Scroll            |       |     8 |     8 |     8 |    26 |     4 |       ||    54
       Potion            |       |       |     3 |     5 |     7 |     6 |     2 ||    23
 Stab: Confused          |       |       |       |     2 |     3 |       |       ||     5
       Distracted        |       |       |       |     3 |     4 |    14 |     3 ||    24
       Sleeping          |       |       |       |       |       |     3 |       ||     3
  Eat: Chunk             |       |     2 |     8 |       |       |       |       ||    10
       Ration            |       |     1 |     3 |     8 |    13 |     5 |       ||    30
Armor: Scale mail        |    31 |    26 |       |       |       |       |       ||    57
       Chain mail        |       |    16 |   103 |    49 |   695 |   387 |    58 ||  1308
       Plate armour      |       |       |       |   448 |   340 |       |       ||   788
Dodge: Dodged            |    21 |    23 |    98 |   319 |   874 |   445 |    76 ||  1856
Block: Kite shield       |    35 |    32 |    24 |       |   568 |   632 |    95 ||  1386

Table legend:
 A = Non-vault XP
 B = Vault XP
 C = Vault XP percentage of total XP
 D = Non-vault monster count
 E = Vault monster count
 F = Vault count percentage of total count
                 A         B        C        D         E       F
            +---------+---------+-------+---------+---------+-------
      Total |  222017 |  198095 |  47.2 |     653 |     291 |  30.8
            +---------+---------+-------+---------+---------+-------
        D:1 |      13 |       0 |   0.0 |       9 |       0 |   0.0
        D:2 |      85 |       0 |   0.0 |      20 |       0 |   0.0
        D:3 |      73 |       0 |   0.0 |       7 |       0 |   0.0
        D:4 |     267 |     250 |  48.4 |       6 |       2 |  25.0
        D:5 |     744 |      41 |   5.2 |      20 |       1 |   4.8
        D:6 |    1271 |       0 |   0.0 |      25 |       0 |   0.0
        D:7 |     872 |     264 |  23.2 |      17 |       1 |   5.6
        D:8 |     904 |     939 |  50.9 |      10 |       1 |   9.1
        D:9 |    2169 |    2189 |  50.2 |      31 |       8 |  20.5
       D:10 |    4459 |     744 |  14.3 |      25 |      10 |  28.6
       D:11 |    3369 |       0 |   0.0 |      30 |       0 |   0.0
       D:12 |    7423 |    1018 |  12.1 |      26 |       1 |   3.7
       D:13 |    6580 |   10060 |  60.5 |      39 |       9 |  18.8
       D:14 |    9303 |       0 |   0.0 |      34 |       0 |   0.0
       D:15 |   20506 |    7705 |  27.3 |      33 |      11 |  25.0
     Lair:1 |    4505 |     389 |   7.9 |      20 |       1 |   4.8
     Lair:2 |    3913 |    3939 |  50.2 |      17 |      10 |  37.0
    Swamp:1 |    8328 |       0 |   0.0 |      17 |       0 |   0.0
    Swamp:2 |    4450 |       0 |   0.0 |       9 |       0 |   0.0
    Swamp:3 |   12782 |       0 |   0.0 |      31 |       0 |   0.0
    Swamp:4 |   12074 |   20390 |  62.8 |      27 |      30 |  52.6
    Snake:1 |    1555 |       0 |   0.0 |       4 |       0 |   0.0
    Snake:2 |    4397 |    2501 |  36.3 |      10 |       3 |  23.1
    Snake:3 |   11376 |       0 |   0.0 |      20 |       0 |   0.0
    Snake:4 |   19446 |   37081 |  65.6 |      35 |      59 |  62.8
   Vaults:1 |    4293 |       0 |   0.0 |       9 |       0 |   0.0
   Vaults:2 |   15895 |   14030 |  46.9 |      30 |      25 |  45.5
   Vaults:3 |   24610 |   20706 |  45.7 |      36 |      32 |  47.1
   Vaults:4 |    4482 |       0 |   0.0 |      11 |       0 |   0.0
   Vaults:5 |   31873 |   75177 |  70.2 |      45 |      59 |  56.7
    Ossuary |       0 |     672 | 100.0 |       0 |      28 | 100.0
            +---------+---------+-------+---------+---------+-------
